 Dungeon Sprint DCSS version 0.18.1-48-g4cf74bf (webtiles) character file.

55077 Joat the Warrior (level 14, -6/223 HPs)
             Began as an Octopode Monk on Aug 27, 2016.
             Was the Champion of Cheibriados (penitent).
             Mangled by a spriggan defender
             ... wielding a +6 quick blade
              (15 damage)
             ... in the Dungeon (Sprint V: "Ziggurat Sprint").
             The game lasted 00:46:59 (1248 turns).

Joat the Warrior (Octopode Monk)                    Turns: 1248, Time: 00:46:59

Health: -6/223     AC: 29    Str: 29    XL:     14   Next: 75%
Magic:  22/30      EV: 36    Int: 20    God:    Cheibriados [*]
Gold:   0          SH: 35    Dex: 32    Spells: 5 memorised, 21 levels left

rFire  . . .     SeeInvis +       - Unarmed
rCold  + + .     Gourm    .     L - +18 shield of the gong {rElec rN+ MR+ EV-5}
rNeg   + + +     Faith    .     (helmet restricted)
rPois  ∞         Spirit   .     k - amulet of Roseras {MR+ Regen+ Str+4}
rElec  +         Dismiss  .     A - ring "Puneth" {Wiz Fragile Str+7 Dex+3}
rCorr  .         Reflect  .     B - +6 ring of dexterity
SustAt .         Harm     .     C - +6 ring of intelligence
MR     +++..     NoTele   +     D - +6 ring of intelligence
Stlth  ..........               M - ring "Jec Math" {-Tele rN+++ EV+3 Int-5 SInv}
                                Y - ring of protection from cold
                                R - ring of poison resistance
                                E - ring of Osyti {rC+ Str+2}

@: mighty, agile, berserking, statue-form, studying Evocations, repel missiles,
very slow, extremely resistant to hostile enchantments, extremely unstealthy
A: almost no armour, amphibious, 8 rings, constrict 8, camouflage 1, (gelatinous
body 0)
a: End Transformation, Renounce Religion


You were in the Dungeon.
You worshipped Cheibriados.
Cheibriados was demanding penance.
You were completely stuffed.
You were a stone statue.
You visited 1 branch

Inventory:

Hand Weapons
 H - the +9 Staff of Wucad Mu {channel}
   (You found it in the Dungeon)
 K - the +6 Majin-Bo {vamp, Archmagi MP+6 Int+6}
   (You found it in the Dungeon)

   It inflicts no extra harm, but heals its wielder somewhat when it strikes a
   living foe.
   It affects your intelligence (+6).
   It affects your magic capacity (+6).
Armour
 L - the +18 shield of the gong (worn) {rElec rN+ MR+ EV-5}
   (You found it in the Dungeon)

   It affects your evasion (-5).
   It insulates you from electricity.
   It protects you from negative energy.
   It affects your resistance to hostile enchantments.
Jewellery
 k - the amulet of Roseras (around mantle) {MR+ Regen+ Str+4}
   (You found it in the Dungeon)

   [amulet of regeneration]

   It affects your strength (+4).
   It affects your resistance to hostile enchantments.
   It increases your rate of regeneration.
 A - the ring "Puneth" (left tentacle) {Wiz Fragile Str+7 Dex+3}
   (You found it in the Dungeon)

   [ring of wizardry]

   It improves your spell success rate.
   It affects your strength (+7).
   It affects your dexterity (+3).
   It will be destroyed if unequipped.
 B - a +6 ring of dexterity (right tentacle)
 C - a +6 ring of intelligence (on tentacle)
 D - a +6 ring of intelligence (on tentacle)
 E - the ring of Osyti (on tentacle) {rC+ Str+2}
   (You found it in the Dungeon)

   [ring of protection from cold]

   It affects your strength (+2).
   It protects you from cold.
 F - a +6 ring of strength
 G - an uncursed ring of ice
 M - the ring "Jec Math" (on tentacle) {-Tele rN+++ EV+3 Int-5 SInv}
   (You found it in the Dungeon)

   [ring of evasion]

   It affects your evasion (+3).
   It affects your intelligence (-5).
   It renders you almost immune to negative energy.
   It lets you see invisible.
   It prevents most forms of teleportation.
 R - a ring of poison resistance (on tentacle)
 T - the amulet "Qixecri" {Reflect *Confuse Int+3 Dex+4 SH+4}
   (You took it off a siren in the Dungeon)

   [amulet of reflection]

   It shields you and reflects attacks.
   It affects your intelligence (+3).
   It affects your dexterity (+4).
   It may confuse you when you take damage.
   It affects your SH (+4).
 U - an uncursed ring of positive energy
 V - an uncursed ring of wizardry
 W - an uncursed ring of magical power
 Y - a ring of protection from cold (on tentacle)
 Z - a +6 ring of dexterity
Wands
 w - a wand of disintegration (7/24)
 x - a wand of iceblast (5/15)
 y - a wand of lightning (5/15)
 z - a wand of acid (5/15)
Scrolls
 g - 4 scrolls of blinking
 n - 4 scrolls of amnesia
 o - 3 scrolls of recharging
 p - 7 scrolls of fog
 q - a scroll of holy word
 r - 5 scrolls of identify
 s - 5 scrolls of remove curse
 t - 2 scrolls of fear
 Q - 3 scrolls of brand weapon
Potions
 b - 10 potions of curing
 d - 6 potions of haste
 e - 6 potions of magic
 f - 2 potions of berserk rage
 h - 2 potions of brilliance
 i - 2 potions of invisibility
 j - 4 potions of resistance
 l - 4 potions of agility
 m - 4 potions of might
Books
 N - a book of Geomancy

   Spells                             Type                      Level
   a - Sandblast                      Earth                        1
   b - Passwall                       Transmutation/Earth          2
   c - Stone Arrow                    Conjuration/Earth            3
   d - Petrify                        Transmutation/Earth          4
   e - Lee's Rapid Deconstruction     Earth                        5
 O - a manual of Evocations
 P - a book of Transfigurations

   Spells                             Type                      Level
   a - Irradiate                      Conjuration/Transmutation    5
   b - Statue Form                    Transmutation/Earth          6
   c - Hydra Form                     Transmutation                6
   d - Dragon Form                    Transmutation                7
 X - a Grand Grimoire

   Spells                             Type                      Level
   a - Monstrous Menagerie            Summoning                    7
   b - Summon Greater Demon           Summoning                    7
   c - Malign Gateway                 Summoning/Translocation      7
   d - Summon Horrible Things         Summoning                    8
Miscellaneous
 I - a crystal ball of energy
 J - a disc of storms
Comestibles
 a - 5 bread rations
 u - 42 fruits
 S - 6 royal jellies


   Skills:
 * Level 17.5 Fighting
 + Level 16.4 Dodging
 - Level 2.6 Stealth
 - Level 16.2 Shields
 + Level 14.9 Unarmed Combat
 - Level 12.1 Spellcasting
 - Level 12.8 Transmutations
 - Level 12.7 Earth Magic
 - Level 12.5 Invocations


You had 21 spell levels left.
You knew the following spells:

 Your Spells              Type           Power        Failure   Level  Hunger
b - Blink                 Tloc           N/A          4%          2    None
d - Repel Missiles        Chrm/Air       ##....       4%          2    None
q - Regeneration          Chrm/Necr      ##........   7%          3    None
w - Statue Form           Trmt/Erth      ######...    2%          6    ######.
z - Stone Arrow           Conj/Erth      #####.       1%          3    None


Dungeon Overview and Level Annotations

Branches:
Dungeon (1/1)

Altars:
Ashenzari
Cheibriados
Dithmenos
Elyvilon
Fedhas
Gozag
Kikubaaqudgha
Makhleb
Nemelex Xobeh
Okawaru
Pakellas
Qazlal
Ru
Sif Muna
Trog
Vehumet
Xom
Yredelemnul
Zin
The Shining One
Beogh
Jiyva
Lugonu

Annotations:
D exclusion: oklob plant


Innate Abilities, Weirdness & Mutations

You cannot wear most types of armour.
You are amphibious.
You can wear up to eight rings at the same time.
You can use your tentacles to constrict eight enemies at once.
Your skin changes colour to match your surroundings (Stealth).
((Your rubbery body absorbs attacks (AC +1).))


Message History

You block the hell hog's attack.
BOUMMMMG!
You block the spriggan rider's attack.
GONNNNG!
You barely miss the spriggan berserker.
Your grab misses the spriggan berserker.
You tentacle-slap the spriggan berserker!!
The spriggan berserker is heavily wounded.
You block the spriggan defender's attack.
BOUMMMMG!
The spriggan defender hits you but does no damage.
You block the hell hog's attack.
GONNNNG!
The apis completely misses you. You block the spriggan druid's attack.
GONNNNG!
You block the spriggan defender's attack.
SHROANNG!
The spriggan rider completely misses you.
The spriggan defender hits you with an enchanted quick blade!
You die...

...)).._▓ ▓..)||.)
.......8▓▓..%}.|).)[}P[..▓...::"}
......._▓▓...............▓.....|.
.......8▓▓...............▓.......
......._▓▓...............▓.......
.......8▓▓...............▓.......
......._▓▓....khiY.......▓.......
.......8▓▓....Riiic......▓.......
......._▓▓....hY8hh......▓......÷
_8_8_8_8▓▓.....i)c.......▓.......
▓▓▓▓▓▓▓▓▓▓...............▓.......
▓...............▓.......
▓..............P▓▓▓▓▓▓▓▓
▓..............P▓.....8©
▓▓▓▓▓▓▓▓▓▓▓▓▓▓▓▓▓.....). ▓..=}=):
▓.......


You could see an apis, 2 spriggan defenders, a satyr, a spriggan rider, a wind
drake, a hell hog, an oklob plant, a spriggan berserker, a dryad, a faun, a
spriggan druid, a yak, 2 hell hounds and a wolf.

Vanquished Creatures
  2 greater mummies (D)
  2 liches (D)
  2 deep elf blademasters (D)
  A tentacled starspawn (D)
  A thorn hunter (D)
  A deep elf sorcerer (D)
  A balrug (D)
  A spriggan defender (D)
  2 stone giants (D)
  6 vault guards (D)
  A mummy priest (D)
  A spriggan air mage (D)
  2 merfolk aquamancers (D)
  2 dancing weapons (D)
  A hell hog (D)
  2 thrashing horrors (D)
  2 spriggan berserkers (D)
  A wretched star (D)
  A hell knight (D)
  A flayed ghost (D)
  A death scarab (D)
  A sea snake (D)
  A deep elf archer (D)
  A harpy (D)
  3 large abominations (D)
  An anubis guard (D)
  2 deep elf magi (D)
  2 manticores (D)
  A rust devil (D)
  2 sixfirhies (D)
  2 worldbinders (D)
  2 sirens (D)
  A torpor snail (D)
  A spiny frog (D)
  A hellion (D)
  2 yaktaurs (D)
  A tormentor (D)
  A dryad (D)
  3 guardian mummies (D)
  An ancient zyme (D)
  A merfolk (D)
  2 raiju (D)
  A blink frog (D)
  2 spriggans (D)
  2 flying skulls (D)
  A shadow (D)
  A ynoxinul (D)
  2 yaks (D)
  A basilisk (D)
  A chaos spawn (D)
  2 hungry ghosts (D)
  2 fire elementals (D)
  2 hell hounds (D)
  A giant eyeball (D)
  A porcupine (D)
  3 orc warriors (D)
  A wasp (D)
  2 black bears (D)
  A necrophage (D)
  3 wolves (D)
  A phantom (D)
  2 crocodiles (D)
  A giant frog (D)
  2 earth elementals (D)
  3 wights (D)
  6 crimson imps (D)
  8 quasits (D)
  12 starcursed masses (D)
  4 orc wizards (D)
  2 orc priests (D)
  A jelly (D)
  7 iron imps (D)
  4 iguanas (D)
  A sheep (D)
  7 mummies (D)
  3 shadow imps (D)
  4 white imps (D)
  An ufetubus (D)
  2 adder zombies (D)
  2 adder skeletons (D)
  3 orcs (D)
  2 bat skeletons (D)
  4 bat zombies (D)
  A giant cockroach zombie (D)
  A jackal skeleton (D)
  3 quokka skeletons (D)
  4 starspawn tentacles (D)
186 creatures vanquished.

Vanquished Creatures (collateral kills)
  A crimson imp (D)
1 creature vanquished.

Vanquished Creatures (others)
  A spatial maelstrom (D)
  A giant eyeball (shapeshifter) (D)
  3 briar patches (D)
  A lurking horror (D)
  101 starspawn tentacle segments (D)
107 creatures vanquished.

Grand Total: 294 creatures vanquished

Notes
Turn   | Place    | Note
--------------------------------------------------------------
     0 | D        | Joat the Octopode Monk began the quest for the Orb.
     0 | D        | Reached XP level 1. HP: 16/16 MP: 1/1
     0 | D        | Found a roughly hewn altar of Beogh.
     0 | D        | Found a viscous altar of Jiyva.
     0 | D        | Found a corrupted altar of Lugonu.
     0 | D        | Found a white marble altar of Elyvilon.
     0 | D        | Found a sparkling altar of Nemelex Xobeh.
     0 | D        | Found a burning altar of Makhleb.
     0 | D        | Found an iron altar of Okawaru.
     0 | D        | Found a deep blue altar of Sif Muna.
     0 | D        | Found a radiant altar of Vehumet.
     0 | D        | Found a bloodstained altar of Trog.
     0 | D        | Found a shimmering altar of Xom.
     2 | D        | Banished a spatial maelstrom
    19 | D        | Became a worshipper of Cheibriados the Contemplative
    19 | D        | Reached * piety under Cheibriados
    19 | D        | Reached ** piety under Cheibriados
    67 | D        | Reached skill level 5 in Fighting
    67 | D        | Reached skill level 5 in Unarmed Combat
    67 | D        | Reached XP level 2. HP: 24/24 MP: 2/2
    68 | D        | Entered arena 1.
    68 | D        | Noticed a giant eyeball
    72 | D        | Killed a giant eyeball
    72 | D        | Reached skill level 6 in Fighting
    72 | D        | Reached skill level 5 in Shields
    72 | D        | Reached XP level 3. HP: 31/31 MP: 3/3
    72 | D        | Reached XP level 4. HP: 36/36 MP: 4/4
    74 | D        | Reached skill level 7 in Fighting
    74 | D        | Reached XP level 5. HP: 37/43 MP: 5/5
    78 | D        | Identified the Collected Works on Lightness and Enchantment (You found it in the Dungeon)
   112 | D        | Entered arena 2.
   116 | D        | Reached *** piety under Cheibriados
   128 | D        | Entered arena 3.
   128 | D        | Noticed a wolf
   136 | D        | Reached **** piety under Cheibriados
   136 | D        | Reached XP level 6. HP: 44/50 MP: 6/6
   137 | D        | Reached ***** piety under Cheibriados
   137 | D        | Reached skill level 8 in Fighting
   154 | D        | Entered arena 4.
   173 | D        | Entered arena 5.
   173 | D        | Noticed a spriggan
   173 | D        | Noticed a black bear
   173 | D        | Noticed a black bear
   179 | D        | Killed a spriggan
   179 | D        | Reached skill level 9 in Fighting
   179 | D        | Reached skill level 5 in Dodging
   179 | D        | Reached XP level 7. HP: 32/57 MP: 7/7
   182 | D        | Reached ****** piety under Cheibriados
   183 | D        | Reached skill level 10 in Unarmed Combat
   184 | D        | Reached XP level 8. HP: 26/64 MP: 8/8
   199 | D        | Got the ring of Woit {Dex+3 Stlth+}
   236 | D        | Entered arena 6.
   244 | D        | Reached skill level 1 in Invocations
   245 | D        | Reached skill level 10 in Fighting
   286 | D        | Learned a level 2 spell: Blink
   289 | D        | Learned a level 2 spell: Repel Missiles
   311 | D        | Entered arena 7.
   315 | D        | Reached skill level 1 in Spellcasting
   329 | D        | Identified the Handbook of Enchanting Augmentations (You found it in the Dungeon)
   345 | D        | Learned a level 6 spell: Statue Form
   345 | D        | Entered arena 8.
   350 | D        | Reached skill level 10 in Shields
   354 | D        | Reached skill level 1 in Earth Magic
   358 | D        | Reached skill level 1 in Transmutations
   403 | D        | Entered arena 9.
   403 | D        | Noticed a large abomination
   403 | D        | Noticed an ancient zyme
   411 | D        | Killed a large abomination
   411 | D        | Reached skill level 5 in Invocations
   411 | D        | Reached XP level 9. HP: 37/70 MP: 11/14
   415 | D        | Killed an ancient zyme
   477 | D        | Entered arena 10.
   477 | D        | Noticed a sixfirhy
   477 | D        | Noticed a sixfirhy
   481 | D        | Killed a sixfirhy
   489 | D        | Killed a sixfirhy
   489 | D        | Reached skill level 5 in Spellcasting
   489 | D        | Reached skill level 5 in Transmutations
   507 | D        | Got the ring "Jec Math" {-Tele rN+++ EV+3 Int-5 SInv}
   515 | D        | Entered arena 11.
   515 | D        | Noticed a manticore
   515 | D        | Noticed a merfolk aquamancer
   515 | D        | Noticed a siren
   515 | D        | Noticed a manticore
   515 | D        | Noticed a merfolk aquamancer
   518 | D        | Noticed a harpy
   518 | D        | Noticed a siren
   519 | D        | Noticed a sea snake
   521 | D        | Noticed a merfolk
   522 | D        | Killed a merfolk aquamancer
   522 | D        | Reached skill level 5 in Earth Magic
   522 | D        | Reached XP level 10. HP: 76/76 MP: 18/18
   525 | D        | Killed a harpy
   527 | D        | Killed a sea snake
   527 | D        | Reached skill level 10 in Dodging
   536 | D        | Killed a manticore
   539 | D        | Killed a manticore
   544 | D        | Killed a merfolk aquamancer
   549 | D        | Killed a siren
   553 | D        | Killed a siren
   553 | D        | Reached XP level 11. HP: 30/81 MP: 20/22
   555 | D        | Got the amulet "Qixecri" {Reflect *Confuse Int+3 Dex+4 SH+4}
   610 | D        | Entered arena 12.
   610 | D        | Noticed a stone giant
   610 | D        | Noticed a stone giant
   610 | D        | Noticed a lich
   610 | D        | Noticed a vault guard
   610 | D        | Noticed a vault guard
   611 | D        | Noticed a vault guard
   611 | D        | Noticed a vault guard
   611 | D        | Noticed a vault guard
   612 | D        | Noticed a vault guard
   614 | D        | Killed a vault guard
   619 | D        | Killed a vault guard
   620 | D        | Noticed a phantasmal warrior
   620 | D        | Killed a lich
   620 | D        | Reached skill level 10 in Invocations
   621 | D        | Killed a vault guard
   621 | D        | Killed a vault guard
   624 | D        | Killed a stone giant
   626 | D        | Reached XP level 12. HP: 86/87 MP: 14/25
   626 | D        | Killed a vault guard
   626 | D        | Reached skill level 10 in Transmutations
   628 | D        | Killed a stone giant
   628 | D        | Reached skill level 10 in Earth Magic
   632 | D        | Killed a vault guard
   632 | D        | Reached skill level 10 in Spellcasting
   673 | D        | Entered arena 13.
   705 | D        | Identified Sif Muna's Grimoire of Captivating Toxins (You found it in the Dungeon)
   723 | D        | Entered arena 14.
   724 | D        | Noticed a deep elf sorcerer
   724 | D        | Noticed a deep elf blademaster
   728 | D        | Noticed a deep elf blademaster
   734 | D        | Killed a deep elf blademaster
   735 | D        | Killed a deep elf blademaster
   735 | D        | Reached skill level 15 in Shields
   740 | D        | Killed a deep elf sorcerer
   740 | D        | Reached XP level 13. HP: 92/92 MP: 28/28
   814 | D        | Entered arena 15.
   853 | D        | Identified the Almanac of Lethal Curses (You found it in the Dungeon)
   857 | D        | Learned a level 3 spell: Regeneration
   858 | D        | Identified Deuptuet's Collected Works on Aerial Snow (You found it in the Dungeon)
   862 | D        | Identified Baiklydgh's Tome of Creative Transmutation (You found it in the Dungeon)
   865 | D        | Identified the Tome of Boosting Cold (You found it in the Dungeon)
   871 | D        | Entered arena 16.
   918 | D        | Got the ring of Osyti {rC+ Str+2}
   937 | D        | Got the amulet of Roseras {MR+ Regen+ Str+4}
   964 | D        | Entered arena 17.
   967 | D        | Noticed a greater mummy
   967 | D        | Noticed a lich
   976 | D        | Learned a level 3 spell: Stone Arrow
   982 | D        | Noticed a greater mummy
   983 | D        | Noticed a mummy priest
   986 | D        | Killed a greater mummy
   986 | D        | Reached skill level 12 in Fighting
   993 | D        | Killed a greater mummy
   993 | D        | Reached skill level 14 in Fighting
   993 | D        | Reached XP level 14. HP: 56/108 MP: 11/30
   996 | D        | Killed a lich
  1005 | D        | Reached skill level 15 in Dodging
  1006 | D        | Reached skill level 15 in Fighting
  1054 | D        | Identified the Disquisition on Bewitching Poison (You found it in the Dungeon)
  1091 | D        | Entered arena 18.
  1094 | D        | Noticed a tentacled starspawn
  1097 | D        | Noticed a balrug
  1097 | D        | Noticed a starcursed mass
  1100 | D        | Paralysed by accursed screaming for 1 turns
  1102 | D        | Killed a tentacled starspawn
  1103 | D        | Paralysed by accursed screaming for 2 turns
  1107 | D        | Killed a balrug
  1107 | D        | Reached skill level 16 in Fighting
  1107 | D        | Paralysed by accursed screaming for 2 turns
  1174 | D        | Got the ring "Puneth" {Wiz Fragile Str+7 Dex+3}
  1212 | D        | Entered arena 19.
  1217 | D        | Noticed a spriggan defender
  1217 | D        | Noticed a spriggan defender
  1218 | D        | Noticed an apis
  1218 | D        | Noticed a thorn hunter
  1218 | D        | Noticed a spriggan defender
  1222 | D        | Killed a spriggan defender
  1231 | D        | Killed a thorn hunter
  1231 | D        | Reached skill level 17 in Fighting
  1237 | D        | HP: 6/149 [spriggan berserker/flail (14)]
  1247 | D        | Was placed under penance by Cheibriados
  1247 | D        | HP: 8/223 [hell hound/blast of flame[a spriggan druid] (9)]
  1248 | D        | Mangled by a spriggan defender

Skill      XL: |  1  2  3  4  5  6  7  8  9 10 11 12 13 14 |
---------------+-------------------------------------------+-----
Fighting       | 5 6 7 9 10 14 17 | 17.5
Shields        | 4 5 6 7 8 9 10 11 12 13 15 16 | 16.2
Unarmed Combat | 5 7 8 9 10 12 14 | 14.9
Dodging        | 5 6 8 9 10 12 14 16 | 16.4
Invocations    | 5 7 9 11 12 | 12.5
Spellcasting   | 3 5 7 9 11 12 | 12.1
Earth Magic    | 2 5 7 9 11 12 | 12.7
Transmutations | 2 5 7 9 12 | 12.8
Stealth        | |  2.6

Action                   |  1- 3 |  4- 6 |  7- 9 | 10-12 | 13-15 || total
-------------------------+-------+-------+-------+-------+-------++-------
Melee: Unarmed           |     2 |    21 |    65 |    70 |   159 ||   317
       Tentacles         |     1 |     9 |    36 |    31 |    48 ||   125
       Constrict         |     1 |    11 |    27 |    17 |    26 ||    82
       Punch             |       |     3 |     7 |    10 |    26 ||    46
 Cast: Repel Missiles    |       |       |     1 |       |     1 ||     2
       Statue Form       |       |       |       |     3 |     6 ||     9
       Stone Arrow       |       |       |       |       |     3 ||     3
       Regeneration      |       |       |       |       |     6 ||     6
Invok: Step From Time    |       |       |       |       |     3 ||     3
       Temporal Distorti |       |       |       |       |     3 ||     3
Evoke: Phantom mirror    |       |       |     1 |       |       ||     1
       Disc of storms    |       |       |       |       |     2 ||     2
  Use: Potion            |     1 |       |     1 |       |    14 ||    16
       Scroll            |       |     1 |       |       |       ||     1
 Stab: Sleeping          |     1 |     1 |       |       |       ||     2
  Eat: Chunk             |       |       |       |       |     1 ||     1
       Meat ration       |       |       |       |       |     4 ||     4
Armor: Skin              |       |     1 |     4 |    13 |   108 ||   126
Dodge: Dodged            |       |     2 |    57 |    59 |   488 ||   606
       Deflected         |       |       |       |       |     6 ||     6
Block: Shield            |       |    36 |   123 |   142 |   653 ||   954
